 Dungeon Crawl Stone Soup version 0.31-a0-198-g2ad674f65e (webtiles) character file.

Game seed: 5223109271077881718

3354 Zonian the Thaumaturge (level 9, -1/45 HPs)
             Began as a Deep Elf Ice Elementalist on June 25, 2023.
             Was an Elder of Dithmenos.
             Slain by a wraith (10 damage)
             ... on level 7 of the Dungeon.
             The game lasted 00:39:13 (12322 turns).

Zonian the Thaumaturge (Deep Elf Ice Elementalist) Turns: 12322, Time: 00:39:13

Health: -1/45      AC:  8    Str:  5    XL:     9   Next: 73%
Magic:  25/25      EV: 14    Int: 25    God:    Dithmenos [****..]
Gold:   174        SH:  0    Dex: 18    Spells: 12/29 levels left

rFire   + . .        y - +5 short sword of the Yoke {flame, Will+ rCorr Dex+3}
rCold   . . .        (no shield)
rNeg    . . .        a - +1 robe
rPois   .            (no helmet)
rElec   .            D - +0 cloak
rCorr   +            (no gloves)
SInv    .            (no boots)
Will    +....        w - amulet of the acrobat
Stlth   ++++         f - +4 ring of protection
HPRegen 0.27/turn    o - ring of protection from fire
MPRegen 0.19/turn

%: acrobat
@: slowed, wreathed by umbra, very slow
A: no striking features
a: Renounce Religion, Shadow Step


You were on level 7 of the Dungeon.
You worshipped Dithmenos.
Dithmenos was greatly pleased with you.
You visited 1 branch of the dungeon, and saw 7 of its levels.
You also visited: Sewer.

You collected 429 gold pieces.
You spent 255 gold pieces at shops.

Inventory:

Hand Weapons
 e - a +0 whip
 i - a +2 short sword of venom
 n - a +0 dagger
 p - a +2 mace
 u - a +0 short sword
 x - a +2 dagger of draining
 y - the +5 short sword of the Yoke (weapon) {flame, Will+ rCorr Dex+3}
   (You found it on level 5 of the Dungeon)

   Dex:       It affects your dexterity (+3).
   rCorr:     It protects you from acid and corrosion.
   Will:      It increases your willpower.
Missiles
 c - 18 poisoned darts (quivered)
 d - 6 datura-tipped darts
 g - 6 javelins
 I - 6 silver javelins
Armour
 a - a +1 robe (worn)
 D - a +0 cloak (worn)
Jewellery
 f - a +4 ring of protection (left hand)
 o - a ring of protection from fire (right hand)
 w - an amulet of the acrobat (around neck)
Wands
 q - a wand of charming (15)
 v - a wand of mindburst (3)
 A - a wand of roots (18)
 G - a wand of flame (21)
Scrolls
 s - a scroll of blinking
 F - a scroll of amnesia {unknown}
 J - a scroll of identify
Potions
 b - 3 potions of magic
 h - a potion of lignification
 j - a potion of brilliance {unknown}
 k - 3 potions of curing
 l - a potion of degeneration {unknown}
 m - 2 potions of heal wounds
 r - a potion of haste {unknown}
 t - 2 potions of mutation
 z - a potion of berserk rage {unknown}
 B - 2 potions of cancellation {unknown}
 C - a potion of ambrosia {unknown}
 E - a potion of enlightenment {unknown}
 H - a potion of resistance {unknown}


   Skills:
 - Level 4.1 Dodging
 - Level 3.8 Stealth
 + Level 10.9 Spellcasting
 + Level 5.6 Conjurations
 + Level 6.7 Summonings
 - Level 7.1 Ice Magic
 + Level 3.6 Earth Magic
 - Level 2.5 Invocations


You had 12 spell levels left.
You knew the following spells:

 Your Spells              Type           Power      Damage    Failure   Level
a - Freeze                Ice            100%       1d10      1%          1
b - Frozen Ramparts       Ice            98%        1d15      1%          3
c - Ozocubu's Armour      Ice            49%        N/A       1%          3
d - Summon Ice Beast      Ice/Summ       48%        N/A       2%          4
e - Hailstorm             Conj/Ice       45%        3d10      1%          3
f - Stone Arrow           Conj/Erth      72%        3d11      1%          3

Your spell library contained the following spells:

 Spells                   Type           Power      Damage    Failure   Level
 Necrotise                Necr           52%        1d6       4%          1
 Animate Armour           Summ/Erth      78%        N/A       5%          4
 Ice Form                 Ice/Tmut       31%        N/A       11%         4
 Vampiric Draining        Necr           13%        2d6       14%         3
 Agony                    Necr           13%        N/A       77%         5
 Simulacrum               Ice/Necr       15%        N/A       85%         6
 Lehudib's Crystal Spear  Conj/Erth      18%        10d5      100%        8


Dungeon Overview and Level Annotations

Branches:
Dungeon (7/15)             Temple (0/1) D:4           Sewer (visited)

Altars:
Dithmenos
Elyvilon
Makhleb
Nemelex Xobeh
Ru
Uskayaw
Yredelemnul
Zin

Shops:
D:2 *[!=*   D:3 *


Message History

You hit the wraith. You burn the wraith.
The wraith is heavily damaged.
The wraith hits you!
You hit the wraith but do no damage.
The wraith is heavily damaged.
The wraith hits you. The wraith drains your vigour!
You feel as though you will be slow longer.
The wraith closely misses you.
You barely miss the wraith.
The wraith is heavily damaged.
The wraith hits you but does no damage.
You hit the wraith but do no damage.
The wraith is heavily damaged.
The wraith hits you! The wraith drains your vigour!
You feel as though you will be slow longer.
The wraith closely misses you.
You hit the wraith. You burn the wraith.
The wraith is heavily damaged.
The wraith hits you.
You barely miss the wraith.
The wraith is heavily damaged.
The wraith misses you. The wraith hits you. The wraith drains your vigour!
You feel as though you will be slow longer.
You barely miss the wraith.
The wraith is heavily damaged.
The wraith closely misses you.
You closely miss the wraith.
The wraith is heavily damaged.
The wraith completely misses you. The wraith closely misses you.
You hit the wraith but do no damage.
The wraith is heavily damaged.
The wraith hits you!
* * * LOW HITPOINT WARNING * * *
Unknown command.
You feel better. The wraith hits you.
* * * LOW HITPOINT WARNING * * *
The wraith drains your vigour!
You feel as though you will be slow longer.
The wraith hits you!
You die...

............#..#..8..#.
# #.....#.......#.....#
#.#
#.....#....#..#.....#
...
.##.....#.......##'''##
.. ..).............#
....# #.
................# ....#
#.#. #...............#
....# ....#
.#####W#.#.##..# #...#.
#@#.......# .....
#.#.#.....# #...#
#.#.####..# #...#
#.........####### ....#
................#
#...######.#
###........#######
#..........# #..####.##
....######## #..# #.#
#.#.# #..# #.#


You could see a wraith.

Vanquished Creatures
  A two-headed ogre (D:7)
  A wyvern (D:7)
  A vampire (D:7)
  An acid dragon (D:6)
  2 sky beasts (D:6)
  4 ice beasts
  2 centaurs
  A kobold brigand (D:6)
  2 phantoms
  A gnoll sergeant (D:6)
  A bullfrog (D:6)
  4 scorpions
  3 wights (D:5)
  A howler monkey (D:5)
  3 gnoll boudas
  4 orc priests
  2 hounds (D:4)
  A jelly (D:6)
  An iguana (D:5)
  A sleepcap (D:4)
  4 orc wizards
  12 gnolls
  13 adders
  6 river rats
  2 white imps
  3 ufetubi
  2 worms
  4 dart slugs
  13 orcs
  3 endoplasms
  4 giant cockroaches
  4 goblins
  6 hobgoblins
  8 jackals
  4 quokkas
  11 ball pythons
  3 bats (D:2)
  8 frilled lizards
  10 kobolds
  15 rats
172 creatures vanquished.

Vanquished Creatures (others)
  An orc priest (D:4)
  3 orcs (D:4)
4 creatures vanquished.

Grand Total: 176 creatures vanquished

Notes
Turn   | Place    | Note
-------+----------+-------------------------------------------
     0 | D:1      | Zonian the Deep Elf Ice Elementalist began the quest for
                  | the Orb.
     0 | D:1      | Reached XP level 1. HP: 10/10 MP: 6/6
   173 | D:1      | Reached XP level 2. HP: 7/15 MP: 4/8
   305 | D:1      | Found a faded altar of an unknown god.
   325 | D:1      | Prayed at the altar of an unknown god.
   325 | D:1      | Became a worshipper of Dithmenos the Shadowed
   325 | D:1      | Reached * piety under Dithmenos
   931 | D:2      | Found Peur's Assorted Antiques.
   942 | D:2      | Bought a scroll labelled BES USIVIA for 19 gold pieces
   942 | D:2      | Bought a bubbling ruby potion for 17 gold pieces
   942 | D:2      | Bought a coppery potion for 17 gold pieces
  1078 | D:2      | Found Zuts's Jewellery Shop.
  1090 | D:2      | Found a glowing silver altar of Zin.
  1111 | D:2      | Found Acueh's Distillery.
  1279 | D:2      | Reached XP level 3. HP: 15/19 MP: 7/10
  1283 | D:2      | Learned a level 3 spell: Frozen Ramparts
  1323 | D:2      | Reached skill level 4 in Spellcasting
  1536 | D:2      | Found Picvuy Leilo's Assorted Antiques.
  1559 | D:2      | Reached skill level 5 in Ice Magic
  1799 | D:2      | Bought a scroll labelled BUFOSH IMPE for 31 gold pieces
  2098 | D:2      | Found Toenetz's Antique Armour Boutique.
  2367 | D:3      | Learned a level 3 spell: Ozocubu's Armour
  2410 | D:3      | Found Meiramma's Assorted Antiques.
  2418 | D:3      | Bought a metallic emerald potion for 28 gold pieces
  2530 | D:3      | Reached XP level 4. HP: 23/24 MP: 12/12
  2570 | D:3      | Noticed a scorpion
  2958 | D:3      | Reached ** piety under Dithmenos
  3063 | D:3      | Killed a scorpion
  3064 | D:3      | Reached skill level 5 in Spellcasting
  3064 | D:3      | Reached XP level 5. HP: 24/28 MP: 10/14
  3475 | D:3      | Found a sparkling altar of Nemelex Xobeh.
  3885 | D:4      | Reached skill level 6 in Spellcasting
  3888 | D:4      | Reached XP level 6. HP: 32/32 MP: 13/17
  4065 | D:4      | Found a glowing drain.
  4109 | Sewer    | Entered a sewer
  4416 | Sewer    | Reached skill level 1 in Invocations
  4657 | Sewer    | Reached *** piety under Dithmenos
  5102 | D:4      | HP: 1/32 [orc priest/divine providence (14)]
  5562 | D:4      | Found a staircase to the Ecumenical Temple.
  5800 | D:4      | Reached XP level 7. HP: 25/36 MP: 15/19
  6574 | D:5      | Entered Level 5 of the Dungeon
  6906 | D:5      | Reached skill level 7 in Spellcasting
  7009 | D:5      | Found a white marble altar of Elyvilon.
  7384 | D:4      | Learned a level 4 spell: Summon Ice Beast
  7662 | D:5      | Reached skill level 1 in Summonings
  7877 | D:5      | Found a basalt altar of Yredelemnul.
  7956 | D:5      | Identified the +5 short sword of the Yoke {flame, Will+
                  | rCorr Dex+3}
  8095 | D:5      | Found a sacrificial altar of Ru.
  8100 | D:5      | Found a hide-covered altar of Uskayaw.
  8256 | D:5      | Reached XP level 8. HP: 41/41 MP: 21/21
  8371 | D:5      | Reached skill level 8 in Spellcasting
  8679 | D:5      | Learned a level 3 spell: Hailstorm
  8830 | D:2      | Bought a potion of curing for 42 gold pieces
  8830 | D:2      | Bought a potion of heal wounds for 70 gold pieces
  8939 | D:6      | Reached skill level 1 in Conjurations
  9113 | D:6      | Reached skill level 9 in Spellcasting
  9844 | D:6      | Reached skill level 5 in Summonings
 10084 | D:6      | Found a burning altar of Makhleb.
 10091 | D:6      | Noticed a balrug
 10095 | D:6      | Noticed a hellwing
 10095 | D:6      | Noticed an orange demon
 10253 | D:6      | Reached XP level 9. HP: 45/45 MP: 18/24
 10917 | D:6      | Learned a level 3 spell: Stone Arrow
 11054 | D:2      | Bought a scroll labelled QOSOPN LORIO for 31 gold pieces
 11339 | D:7      | Reached skill level 10 in Spellcasting
 11339 | D:7      | Reached skill level 1 in Earth Magic
 11928 | D:7      | Noticed a two-headed ogre
 11947 | D:7      | Killed a two-headed ogre
 11948 | D:7      | Reached skill level 5 in Conjurations
 11949 | D:7      | Reached **** piety under Dithmenos
 12322 | D:7      | Slain by a wraith

Illustrated notes

Levels and vault maps discovered:
D:1:      lemuel_arrival_broad_hall, layout_loops_ring, serial_rivers,
          chequers_serial_rivers_micro_d, chequers_serial_rivers_micro_d,
          chequers_serial_rivers_micro_b, chequers_serial_rivers_large_a,
          shapermc_ecumenical_altar_mp_highgroup, st_stairs_3
D:2:      layout_basic, serial_shops, shop, nicolae_shop_overgrown_old_shop,
          nicolae_shop_dealshenge, shop, shop_statue, basic_altar
D:3:      layout_basic, lemuel_round_altar, serial_shops, nicolae_diamond_shop,
          chequers_serial_rivers_micro_a
D:4:      layout_loops_ring, lemuel_temple_firewalk_b, gup_sewer_entry_bubbles
D:5:      layout_cave_pods, kennysheep_ying_yang, minitemple, chequers_jeans
D:6:      layout_layer_cave, makhleb_altar_promises_db, serial_park_tiny_pond
D:7:      layout_basic, slow_altar_2, jmf_multi_god_temple,
          minmay_shattered_shrine

Skill      XL: |  1  2  3  4  5  6  7  8  9 |
---------------+----------------------------+-----
Spellcasting   | 4 5 6 7 9 10 | 10.9
Ice Magic      | 5 6 7 |  7.1
Invocations    | 1 2 |  2.5
Dodging        | 3 4 |  4.1
Stealth        | 3 |  3.8
Summonings     | 2 5 6 |  6.7
Conjurations   | 4 5 |  5.6
Earth Magic    | 3 |  3.6

Action                     |  1- 3 |  4- 6 |  7- 9 || total
---------------------------+-------+-------+-------++-------
  Melee: Unarmed           |     3 |       |       ||     3
         Whip              |    16 |       |       ||    16
         Dagger            |    35 |    62 |    75 ||   172
         Punch             |       |     1 |     4 ||     5
         Short sword       |       |       |   141 ||   141
  Throw: Dart              |     6 |    35 |    39 ||    80
   Cast: Freeze            |    37 |    51 |     8 ||    96
         Frozen Ramparts   |       |     7 |    10 ||    17
         Ozocubu's Armour  |       |       |     5 ||     5
         Summon Ice Beast  |       |       |     3 ||     3
         Stone Arrow       |       |       |     2 ||     2
  Evoke: Wand              |       |       |     8 ||     8
    Use: Scroll            |       |    13 |     5 ||    18
         Potion            |       |       |     7 ||     7
   Stab: Sleeping          |     7 |     9 |     7 ||    23
         Distracted        |     1 |       |     1 ||     2
 Armour: Robe              |    30 |    24 |    57 ||   111
  Dodge: Dodged            |    55 |    81 |   189 ||   325

Table legend: (Time is in decaauts)
 A = Elapsed time spent in this place.
 B = Non-inter-level travel time spent in this place.
 C = Inter-level travel time spent in this place.
 D = Time resting spent in this place.
 E = Time spent auto-exploring this place.
 F = Levels seen in this place.
 G = Mean time per level.
                   A        B        C        D        E       F      G
               +--------+--------+--------+--------+--------+-----+--------+
         Total |  12434 |  11685 |    749 |   4322 |   4498 |   8 | 1554.2 |
       Dungeon |  11647 |  10898 |    749 |   3969 |   4382 |   7 | 1663.9 |
         Sewer |    786 |    786 |      0 |    353 |    115 |   1 |  786.0 |
               +--------+--------+--------+--------+--------+-----+--------+

Top non-repeatable levels by time:
     D:6: 2086 daAuts
     D:3: 2076 daAuts
     D:4: 1969 daAuts
     D:2: 1738 daAuts
     D:5: 1669 daAuts
     D:7: 1201 daAuts
     D:1: 905 daAuts
   Sewer: 786 daAuts
